 Dungeon Crawl Stone Soup version 0.29-a0-451-gfbfa42419e (webtiles) character file.

Game seed: 14691359929313465953

506 trentariffic the Skirmisher (level 6, -3/56 HPs)
             Began as a Draconian Abyssal Knight on May 20, 2022.
             Was a Priest of Lugonu.
             Succumbed to a killer bee's poison
             ... on level 5 of the Dungeon.
             The game lasted 00:37:50 (5862 turns).

trentariffic the Skirmisher (DrAK)                  Turns: 5862, Time: 00:37:50

Health: -3/56      AC:  9    Str: 18    XL:     6   Next: 97%
Magic:  7/7        EV: 13    Int: 22    God:    Lugonu [***...]
Gold:   153        SH:  0    Dex: 11    Spells: 5/5 levels left

rFire   . . .      SeeInvis .   o - +2 mace (holy)
rCold   . . .      Faith    .   (no shield)
rNeg    . . .      Spirit   .   (body armour unavailable)
rPois   .          Reflect  .   (helmet restricted)
rElec   .          Harm     .   (no cloak)
rCorr   .          Rampage  .   (no gloves)
Will    .....                   c - +2 pair of boots
Stlth   ++........              f - amulet of the acrobat
HPRegen 0.18/turn               h - +6 ring of intelligence
MPRegen 0.10/turn               q - +6 ring of intelligence

@: lethally poisoned (-3 -> -17)
A: AC +6, unfitting armour, cold-blooded
a: Renounce Religion, Depart the Abyss, Bend Space, Banish


You were on level 5 of the Dungeon.
You worshipped Lugonu.
Lugonu was most pleased with you.
You visited 2 branches of the dungeon, and saw 6 of its levels.
You visited the Abyss 1 time.

You collected 153 gold pieces.

Inventory:

Hand Weapons
 a - a +1 falchion
 g - a +0 trident
 o - a +2 mace of holy wrath (weapon)
 u - a +0 hunting sling
Missiles
 b - 180 stones
 i - 2 atropa-tipped darts
 j - 5 poisoned darts
Armour
 c - a +2 pair of boots (worn)
Jewellery
 f - an amulet of the acrobat (around neck)
 h - a +6 ring of intelligence (left hand)
 m - a ring of protection from cold
 q - a +6 ring of intelligence (right hand)
Scrolls
 d - 5 scrolls of teleportation
 e - 2 scrolls of identify
 k - a scroll of fog {unknown}
Potions
 l - a potion of brilliance {unknown}
 n - a potion of lignification {unknown}
 p - 2 potions of degeneration {unknown}
 r - a potion of resistance
 s - a potion of curing {unknown}
 t - a potion of haste
 x - a potion of heal wounds {unknown}


   Skills:
 + Level 5.0 Fighting
 + Level 2.3 Long Blades
 + Level 2.4 Maces & Flails
 + Level 3.2 Polearms
 + Level 4.1 Dodging
 + Level 1.5 Stealth
 + Level 2.1 Invocations


You had 5 spell levels left.
You didn't know any spells.
Your spell library contained the following spells:

 Spells                   Type           Power      Damage    Failure   Level
 Slow                     Hex            0%         N/A       17%         1
 Confusing Touch          Hex            0%         N/A       45%         3
 Vampiric Draining        Necr           0%         2d6       45%         3


Dungeon Overview and Level Annotations

Branches:
Dungeon (5/15)             Temple (1/1) D:4

Altars:
Cheibriados
Dithmenos
Elyvilon
Fedhas
Gozag
Hepliaklqana
Kikubaaqudgha
Makhleb
Nemelex Xobeh
Qazlal
Ru
Trog
Uskayaw
Vehumet
Wu Jian
Xom
Zin
The Shining One

Shops:
D:3 *=?*(


Innate Abilities, Weirdness & Mutations

Your plain brown scales are hard. (AC +6)
You cannot fit into any form of body armour.
You are cold-blooded and may be slowed by cold attacks.


Message History

The killer bee completely misses you. x2; The killer bee misses you.
The killer bee stings you!
The killer bee attacks as you move away!
The killer bee completely misses you.
The killer bee attacks as you move away!
The killer bee closely misses you.
You feel sick.
You are no longer poisoned.
The killer bee buzzes angrily.
The killer bee misses you. The killer bee closely misses you.
The killer bee completely misses you. The killer bee closely misses you.
The killer bee completely misses you.
You miss the killer bee. The killer bee barely misses you.
The killer bee stings you! The killer bee stings you.
You are poisoned.
The killer bee poisons you!
The killer bee stings you but does no damage.
The killer bee closely misses you. x2
The killer bee stings you but does no damage.
The killer bee stings you. x2; The killer bee misses you.
The killer bee stings you.
You are lethally poisoned!
The killer bee poisons you! The killer bee stings you.
* * * LOW HITPOINT WARNING * * *
You miss the killer bee.
Your tail-slap misses the killer bee.
* * * LOW HITPOINT WARNING * * *
You feel very sick. The killer bee misses you. The killer bee stings you.
* * * LOW HITPOINT WARNING * * *
The killer bee barely misses you. The killer bee stings you.
* * * LOW HITPOINT WARNING * * *
The killer bee barely misses you.
The killer bee stings you but does no damage.
The killer bee misses you. The killer bee closely misses you.
You miss the killer bee.
You die...

******,,*,,,,,,,*,,,,,,,,**,,***,
*,,*,,*,*,,*.......,***,**,*
*****,,*,,,*,,,+.......,,,**,**,
**,,,,,,*,(.,,,,+.......,**,**,**
..,**,,,*...#,,,+....>..,**,,,*,,
.#****,,*..#.#,,*.......,,*******
#* *,,*.....,,*.......,,,* #
**##,,*########.......,,,*
###...,,,.......@y......,,,*
....**,,,......yyy.....(,,,*
[##############.†.......,,**
......).................,,,*
#################.......,,,*
*.......,,,* *.......,,,*
*.......,,,* *#......,,**


You could see 4 killer bees.

Vanquished Creatures
  A black bear (D:5)
  An ogre (D:5)
  A phantom (D:4)
  A killer bee (D:5)
  A hound (D:4)
  Natasha (thrice) (D:2)
  An adder (D:4)
  A gnoll (D:5)
  A dart slug (D:1)
  5 orcs (D:3)
  2 ball pythons (D:2)
  8 endoplasms
  A giant cockroach (D:4)
  3 goblins
  10 hobgoblins
  A kobold (D:2)
  8 quokkas
  5 bats
  A frilled lizard (D:1)
  23 rats
78 creatures vanquished.

Vanquished Creatures (others)
  2 plants (D:3)
2 creatures vanquished.

Grand Total: 80 creatures vanquished

Notes
Turn   | Place    | Note
-------+----------+-------------------------------------------
     0 | Abyss:1  | trentariffic the Draconian Abyssal Knight began the quest
                  | for the Orb.
     0 | Abyss:1  | Reached XP level 1. HP: 19/19 MP: 2/2
    14 | D:1      | Escaped the Abyss
   347 | D:1      | Found a faded altar of an unknown god.
   537 | D:1      | Reached ** piety under Lugonu
   750 | D:1      | Reached XP level 2. HP: 26/26 MP: 3/3
  1736 | D:2      | Reached XP level 3. HP: 18/33 MP: 4/4
  1805 | D:2      | Noticed Natasha
  1816 | D:2      | Killed Natasha
  1817 | D:2      | Reached skill level 4 in Fighting
  1817 | D:2      | Reached skill level 1 in Polearms
  1950 | D:2      | Noticed Natasha
  1956 | D:2      | Killed Natasha
  1957 | D:2      | Reached XP level 4. HP: 35/40 MP: 5/5
  2018 | D:2      | Reached *** piety under Lugonu
  2043 | D:2      | Noticed Natasha
  2056 | D:2      | Killed Natasha
  3190 | D:3      | Found Diongaph's Magic Scroll Boutique.
  3236 | D:3      | Reached XP level 5. HP: 46/46 MP: 6/6
  3460 | D:3      | Found Tuhab's Weapon Boutique.
  3513 | D:3      | Found a sparkling altar of Nemelex Xobeh.
  3513 | D:3      | Found an opulent altar of Gozag.
  3646 | D:3      | Found Omeske's Assorted Antiques.
  3680 | D:3      | Found a bloodstained altar of Trog.
  3843 | D:3      | Found Qegoomm's Jewellery Shop.
  3882 | D:3      | Found Jesman's Assorted Antiques.
  4280 | D:4      | Noticed a phantom
  4296 | D:4      | Killed a phantom
  4297 | D:4      | Reached skill level 1 in Stealth
  4453 | D:4      | Reached XP level 6. HP: 40/53 MP: 7/7
  4455 | D:4      | Found a staircase to the Ecumenical Temple.
  4564 | Temple   | Entered the Ecumenical Temple
  5033 | D:5      | Entered Level 5 of the Dungeon
  5038 | D:5      | Reached skill level 1 in Maces & Flails
  5857 | D:5      | Reached skill level 5 in Fighting
  5861 | D:5      | HP: 1/56 [killer bee (5)]
  5862 | D:5      | Succumbed to a killer bee's poison

Illustrated notes

Levels and vault maps discovered:
D:1:      co_arrival_square_in_a_square_in_a_square, layout_loops_ring,
          chequers_ecumenical_altar_island, serial_bayou_pond_a
D:2:      layout_loops_ring, minmay_rat_hole, uniq_natasha
D:3:      layout_loops_cross, bloody_trog, grunt_temple_overflow_opulence,
          serial_shops, nicolae_square_shop, nicolae_shop_overgrown_old_shop,
          nicolae_shop_stone, nicolae_shop_stone, shop_fountains,
          serial_bayou_ford_a
D:4:      layout_basic, minmay_temple_entry_large_hall
D:5:      minmay_clustersquares, layout_rooms, marbit_many_paths,
          gammafunk_ghost_split, enter_ossuary_2, kennysheep_dice
Temple:   regret_index_temple_waves

Skill      XL: |  1  2  3  4  5  6 |
---------------+-------------------+-----
Fighting       | 4 5 |  5.0
Polearms       | 1 2 3 |  3.2
Dodging        | 3 4 |  4.1
Stealth        | 1 |  1.5
Maces & Flails | 2 |  2.4
Long Blades    | |  2.3
Invocations    | |  2.1

Action                   |  1- 3 |  4- 6 || total
-------------------------+-------+-------++-------
Melee: Falchion          |    19 |       ||    19
       Tailslap          |     9 |    25 ||    34
       Trident           |    86 |    63 ||   149
       Punch             |     2 |     3 ||     5
       Mace              |       |    87 ||    87
Throw: Stone             |     6 |       ||     6
Invok: Depart the Abyss  |     1 |       ||     1
       Bend Space        |       |     1 ||     1
  Use: Scroll            |       |     9 ||     9
Armor: Skin              |    67 |    91 ||   158
Dodge: Dodged            |   124 |   259 ||   383

Table legend: (Time is in decaauts)
 A = Elapsed time spent in this place.
 B = Non-inter-level travel time spent in this place.
 C = Inter-level travel time spent in this place.
 D = Time resting spent in this place.
 E = Time spent auto-exploring this place.
 F = Levels seen in this place.
 G = Mean time per level.
                   A        B        C        D        E       F      G
               +--------+--------+--------+--------+--------+-----+--------+
         Total |   6066 |   6008 |     58 |      0 |   1689 |   7 |  866.6 |
       Dungeon |   5795 |   5737 |     58 |      0 |   1689 |   5 | 1159.0 |
        Temple |    257 |    257 |      0 |      0 |      0 |   1 |  257.0 |
         Abyss |     14 |     14 |      0 |      0 |      0 |   1 |   14.0 |
               +--------+--------+--------+--------+--------+-----+--------+

Top non-repeatable levels by time:
     D:2: 1640 daAuts
     D:1: 1626 daAuts
     D:3: 1144 daAuts
     D:5: 835 daAuts
     D:4: 549 daAuts
  Temple: 257 daAuts
 Abyss:1: 14 daAuts
